 Dungeon Crawl Stone Soup version 0.26.1-11-gd32895ea62 (webtiles) character file.

Game seed: 1964618627670004084

53 kodamatunes15 the Ruffian (level 3, -2/29 HPs)
             Began as a Ghoul Gladiator on May 21, 2021.
             Slain by a gnoll
             ... wielding a cursed +0 halberd
              (8 damage)
             ... on level 2 of the Dungeon.
             The game lasted 00:05:56 (1048 turns).

kodamatunes15 the Ruffian (Ghoul Gladiator)         Turns: 1048, Time: 00:05:57

Health: -2/29      AC:  7    Str: 17    XL:     3   Next: 89%
Magic:  2/2        EV: 10    Int:  4    God:
Gold:   103        SH:  0    Dex: 10    Spells: 2/2 levels left

rFire    . . .     SeeInvis .   d - +0 mace (curse)
rCold    + . .     Faith    .   (no shield)
rNeg     + + +     Spirit   .   e - +0 scale mail
rPois    ∞         Reflect  .   b - +0 helmet
rElec    .         Harm     .   (no cloak)
rCorr    .         Rampage  .   (no gloves)
Will     .....                  (no boots)
Stlth    ..........             (no amulet)
HPRegen  0.00/turn              (no ring)
MPRegen  0.08/turn              (no ring)

@: no status effects
A: claws 1, cold resistance 1, negative energy resistance 3, inhibited
regeneration, torment resistance, unbreathing
a: no special abilities


You were on level 2 of the Dungeon.
You visited 1 branch of the dungeon, and saw 2 of its levels.

You collected 103 gold pieces.

Inventory:

Hand Weapons
 d - a cursed +0 mace (weapon)
Missiles
 c - 3 throwing nets (quivered)
Armour
 b - a +0 helmet (worn)
 e - a +0 scale mail (worn)
Scrolls
 i - 2 scrolls of enchant weapon
 j - a scroll of remove curse {unknown}
 k - 2 scrolls of teleportation {unknown}
 l - a scroll of amnesia {unknown}
 o - a scroll of immolation
Potions
 a - a potion of invisibility {unknown}
 f - a potion of resistance {unknown}
 g - a potion of cancellation {unknown}
 h - a potion of might {unknown}
 m - a potion of brilliance {unknown}


   Skills:
 + Level 2.2 Fighting
 + Level 1.2 Maces & Flails
 + Level 1.8 Throwing
 + Level 0.3 Armour
 + Level 3.5 Dodging
 + Level 3.7 Unarmed Combat


You had 2 spell levels left.
You didn't know any spells.
Your spell library was empty.

Dungeon Overview and Level Annotations

Branches:
Dungeon (2/15)

Altars:
Dithmenos
Makhleb


Innate Abilities, Weirdness & Mutations

You thrive by killing the living.
You are immune to poison.
You have sharp fingernails.
Your flesh is cold resistant. (rC+)
You are immune to negative energy. (rN+++)
You do not regenerate when monsters are visible.
You are immune to unholy pain and torment.
You can survive without breathing.


Message History

You feel better.
A rat comes into view.
The gnoll hits you from afar with a cursed +0 halberd.
Your Maces & Flails skill increases to level 1!
The gnoll hits you with a cursed +0 halberd!
* * * LOW HITPOINT WARNING * * *
Things that are here:
a +0 spear; a gnoll corpse Your scale mail prevents you from hitting the gnoll.
The gnoll barely misses you.
You hit the gnoll.
The gnoll is moderately wounded.
The gnoll closely misses you.
You hit the gnoll.
The gnoll is heavily wounded.
The gnoll closely misses you.
You closely miss the gnoll.
The gnoll is heavily wounded.
The gnoll hits you with a cursed +0 halberd!
You die...

(.................[.(.........###
#########.###.##....###.#........
.# #.##........##.### . #.
#........##.... ##
#.............. #........###.##
#.### ########.# #.#
#....g###########.###'##
....rgg@..........###_'.
.....############.###'## ..#
#...# #.# #...###.##
######'........ #..............
... #...........#.# ....
#..............
....########..............


You could see 2 gnolls, a goblin and a rat.

Vanquished Creatures
  A gnoll (D:2)
  An adder (D:2)
  A dart slug (D:2)
  A leopard gecko (D:2)
  4 bats
  5 giant cockroaches
  3 goblins
  2 hobgoblins (D:2)
  4 jackals (D:2)
  3 frilled lizards
  A kobold (D:2)
  3 rats
29 creatures vanquished.

Notes
Turn   | Place    | Note
-------+----------+-------------------------------------------
     0 | D:1      | kodamatunes15 the Ghoul Gladiator began the quest for the
                  | Orb.
     0 | D:1      | Reached XP level 1. HP: 17/17 MP: 0/0
   320 | D:1      | Reached XP level 2. HP: 24/24 MP: 1/1
   458 | D:1      | You fall into a shaft and drop 1 floor!
   485 | D:2      | Reached XP level 3. HP: 18/29 MP: 2/2
   619 | D:2      | Found a shadowy altar of Dithmenos.
   656 | D:2      | Found a burning altar of Makhleb.
  1044 | D:2      | Reached skill level 1 in Maces & Flails
  1048 | D:2      | Slain by a gnoll

Illustrated notes

Levels and vault maps discovered:
D:1:      mrwooster_arrival_statue, layout_rooms, serial_rivers,
          chequers_serial_rivers_micro_e, chequers_serial_rivers_micro_d,
          chequers_serial_rivers_micro_c, chequers_serial_rivers_micro_d,
          chequers_serial_rivers_room_a, chequers_serial_rivers_large_a
D:2:      layout_basic, lightli_temple_of_fire, lemuel_doored_altar

Skill      XL: |  1  2  3 |
---------------+----------+-----
Dodging        | 3 |  3.5
Maces & Flails | 1 |  1.2
Fighting       | |  2.2
Throwing       | |  1.8
Armour         | |  0.3
Unarmed Combat | |  3.7

Action                   || total
-------------------------++-------
Melee: Mace              ||    92
       Unarmed           ||     5
       Punch             ||     2
  Use: Scroll            ||     4
Armor: Scale mail        ||    73
       Leather armour    ||     1
Dodge: Dodged            ||    88
